 Dungeon Crawl Stone Soup version bcrawl-1.27.1d (webtiles) character file.

Game seed: 2966498023841384134

205637 Freyura the Shield-Bearer (level 5, -4/47 HPs)
             Began as a Gnoll Fighter on July 26, 2020.
             Slain by Sigmund
             ... wielding a +0 vampiric scythe
              (7 damage)
             ... on level 3 of the Dungeon.
             The game lasted 00:04:52 (1845 turns).

Freyura the Shield-Bearer (Gnoll Fighter)           Turns: 1845, Time: 00:04:53

Health: -4/47      AC:  7    Str: 24    XL:     5   Next: 90%
Magic:  7/7        EV:  7    Int: 10    God:
Gold:   220        SH: 11    Dex: 15    Spells: 7/7 levels left

rFire    . . .     SeeInvis .   a - +0 flail
rCold    . . .     Gourm    .   c - +0 medium shield
rNeg     . . .     Faith    .   b - +0 scale mail
rPois    .         Spirit   .   (no helmet)
rElec    .         Reflect  .   (no cloak)
rCorr    .         Harm     .   (no gloves)
MR       .....                  (no boots)
Stlth    +.........             (no amulet)
HPRegen  0.15/turn              (no ring)
MPRegen  0.10/turn              (no ring)

@: mighty
A: distributed training, fangs 1, strong nose
a: no special abilities


You were on level 3 of the Dungeon.
You were hungry.

You visited 1 branch of the dungeon, and saw 3 of its levels.

You collected 220 gold pieces.

Inventory:

Hand Weapons
 a - a +0 flail (weapon)
Armour
 b - a +0 scale mail (worn)
 c - a +0 medium shield (worn)
Scrolls
 h - 3 scrolls of identify
 l - a scroll of blinking
Potions
 f - a potion of heal wounds {unknown}
 g - 2 potions of flight {unknown}
 i - a potion of curing {unknown}
 j - a potion of mutation {unknown}
 k - a potion of haste {unknown}
Comestibles
 e - 2 rations {!d}
 m - a chunk of flesh


   Skills:
 + Level 6.7 Fighting
 + Level 1.6 Short Blades
 + Level 1.6 Long Blades
 + Level 1.6 Axes
 + Level 4.8 Maces & Flails
 + Level 1.6 Polearms
 + Level 1.6 Staves
 + Level 1.6 Slings
 + Level 1.6 Bows
 + Level 1.6 Crossbows
 + Level 1.6 Throwing
 + Level 6.7 Armour
 + Level 1.6 Dodging
 + Level 1.6 Stealth
 + Level 6.7 Shields
 + Level 1.6 Unarmed Combat
 + Level 1.6 Spellcasting
 + Level 1.3 Conjurations
 + Level 1.3 Hexes
 + Level 1.3 Charms
 + Level 1.3 Summonings
 + Level 1.3 Necromancy
 + Level 1.3 Translocations
 + Level 1.3 Transmutations
 + Level 1.3 Fire Magic
 + Level 1.3 Ice Magic
 + Level 1.3 Air Magic
 + Level 1.3 Earth Magic
 + Level 1.3 Poison Magic
 + Level 1.8 Invocations
 + Level 1.6 Evocations


You had 7 spell levels left.
You didn't know any spells.
Your spell library was empty.

Dungeon Overview and Level Annotations

Branches:
Dungeon (3/12)

Altars:
Vehumet

Annotations:
D:3 Natasha, Sigmund


Innate Abilities, Weirdness & Mutations

Your experience applies equally to all skills.
You have very sharp teeth.
Your uncanny sense of smell can sniff out nearby items.


Message History

You closely miss the crimson imp.
The crimson imp is severely wounded.
Sigmund casts a spell.
Sigmund flickers and vanishes!
Deactivating autopickup; reactivate with Ctrl-A.
The crimson imp closely misses you.
Natasha mumbles some strange words.
Something hits you! You block the crimson imp's attack.
You thump the crimson imp!
You kill the crimson imp!
Something hits you.
You miss something. Something hits you.
* * * LOW HITPOINT WARNING * * *
You miss something. You block something's attack.
You miss something. Something hits you!
* * * LOW HITPOINT WARNING * * *
The shadow imp shouts, "Back with thee, thou gorbellied clay-brained mendicant!"
Your shield prevents you from hitting something.
Something hits you!
You die...

## #### ##.. ... #...
#######.######## #..#
...........@{h#########
#..#
...##.#.####55.......###..#
#.#.#.#.###########.##...#
#..#.###.................#
######.##
##.....#####.##...#
#.......###.####.# #.####..
#.####...#.## #.# #.# ##.
#..#.## #.#####.#####.
.....#.# #.............


You could see Natasha, a white imp and a shadow imp.

Vanquished Creatures
  A crimson imp (D:2)
  Jessica (D:3)
  Natasha (D:3)
  4 adders
  2 oozes (D:3)
  2 worms (D:2)
  3 dart slugs (D:2)
  3 leopard geckos
  4 orcs
  A ball python (D:2)
  8 giant cockroaches
  3 goblins
  9 hobgoblins
  A jackal (D:2)
  13 kobolds
  2 quokkas
  3 bats
  2 frilled lizards
  4 rats (D:1)
67 creatures vanquished.

Notes
Turn   | Place    | Note
-------+----------+-------------------------------------------
     0 | D:1      | Freyura the Gnoll Fighter began the quest for the Orb.
     0 | D:1      | Reached XP level 1. HP: 23/23 MP: 1/1
    93 | D:1      | Reached XP level 2. HP: 27/29 MP: 2/2
   443 | D:1      | Reached XP level 3. HP: 35/35 MP: 3/3
   919 | D:2      | Reached skill level 1 in Invocations
   987 | D:2      | Reached skill level 1 in Short Blades
   987 | D:2      | Reached skill level 1 in Long Blades
   987 | D:2      | Reached skill level 1 in Axes
   987 | D:2      | Reached skill level 1 in Polearms
   987 | D:2      | Reached skill level 1 in Staves
   987 | D:2      | Reached skill level 1 in Slings
   987 | D:2      | Reached skill level 1 in Bows
   987 | D:2      | Reached skill level 1 in Crossbows
   987 | D:2      | Reached skill level 1 in Throwing
   987 | D:2      | Reached skill level 1 in Dodging
   987 | D:2      | Reached skill level 1 in Stealth
   987 | D:2      | Reached skill level 1 in Unarmed Combat
   987 | D:2      | Reached skill level 1 in Spellcasting
   987 | D:2      | Reached skill level 1 in Evocations
   987 | D:2      | Reached XP level 4. HP: 40/41 MP: 5/5
  1070 | D:2      | Reached skill level 1 in Conjurations
  1070 | D:2      | Reached skill level 1 in Hexes
  1070 | D:2      | Reached skill level 1 in Charms
  1070 | D:2      | Reached skill level 1 in Summonings
  1070 | D:2      | Reached skill level 1 in Necromancy
  1070 | D:2      | Reached skill level 1 in Translocations
  1070 | D:2      | Reached skill level 1 in Transmutations
  1070 | D:2      | Reached skill level 1 in Fire Magic
  1070 | D:2      | Reached skill level 1 in Ice Magic
  1070 | D:2      | Reached skill level 1 in Air Magic
  1070 | D:2      | Reached skill level 1 in Earth Magic
  1070 | D:2      | Reached skill level 1 in Poison Magic
  1283 | D:2      | Reached XP level 5. HP: 47/47 MP: 6/6
  1516 | D:3      | Noticed Jessica
  1520 | D:3      | Killed Jessica
  1639 | D:3      | Noticed Natasha
  1642 | D:3      | Found a radiant altar of Vehumet.
  1673 | D:3      | Killed Natasha
  1834 | D:3      | Noticed Sigmund
  1834 | D:3      | Noticed Natasha
  1844 | D:3      | HP: 2/47 [something (11)]
  1845 | D:3      | Slain by Sigmund

Skill      XL: |  1  2  3  4 |
---------------+-------------+-----
Invocations    | 1 |  1.8
Short Blades   | 1 |  1.6
Long Blades    | 1 |  1.6
Axes           | 1 |  1.6
Polearms       | 1 |  1.6
Staves         | 1 |  1.6
Slings         | 1 |  1.6
Bows           | 1 |  1.6
Crossbows      | 1 |  1.6
Throwing       | 1 |  1.6
Dodging        | 1 |  1.6
Stealth        | 1 |  1.6
Unarmed Combat | 1 |  1.6
Spellcasting   | 1 |  1.6
Evocations     | 1 |  1.6
Conjurations   | 1 |  1.3
Hexes          | 1 |  1.3
Charms         | 1 |  1.3
Summonings     | 1 |  1.3
Necromancy     | 1 |  1.3
Translocations | 1 |  1.3
Transmutations | 1 |  1.3
Fire Magic     | 1 |  1.3
Ice Magic      | 1 |  1.3
Air Magic      | 1 |  1.3
Earth Magic    | 1 |  1.3
Poison Magic   | 1 |  1.3
Fighting       | |  6.7
Maces & Flails | |  4.8
Armour         | |  6.7
Shields        | |  6.7

Action                   |  1- 3 |  4- 6 || total
-------------------------+-------+-------++-------
Melee: Flail             |   113 |   113 ||   226
       Bite              |     8 |    10 ||    18
  Use: Scroll            |       |     3 ||     3
       Potion            |       |     1 ||     1
  Eat: Chunk             |     4 |     6 ||    10
Armor: Scale mail        |    44 |    35 ||    79
Dodge: Dodged            |    30 |    36 ||    66
Block: Medium shield     |    56 |    69 ||   125
